 Dungeon Crawl Stone Soup version 0.19.0-1-g5985abe (webtiles) character file.

65 Ladykiller69 the Charmwright (level 3, -6/25 HPs)
             Began as a High Elf Skald on Nov 2, 2016.
             Killed from afar by a white imp (10 damage)
             ... with a puff of frost
             ... summoned by Natasha
             ... on level 2 of the Dungeon.
             The game lasted 00:08:04 (1633 turns).

Ladykiller69 the Charmwright (High Elf Skald)       Turns: 1633, Time: 00:08:04

Health: -6/25      AC:  3    Str: 11    XL:     3   Next: 94%
Magic:  1/8        EV: 12    Int: 16    God:
Gold:   54         SH:  0    Dex: 15    Spells: 3 memorised, 2 levels left

rFire  . . .     SeeInvis .     a - +0 falchion
rCold  . . .     Gourm    .     b - +0 leather armour
rNeg   . . .     Faith    .     (no shield)
rPois  .         Spirit   .     (no helmet)
rElec  .         Reflect  .     (no cloak)
rCorr  .         Harm     .     (no gloves)
MR     .....                    (no boots)
Stlth  +.........               (no amulet)
                                (no ring)
                                (no ring)

@: infused
A: no striking features
a: no special abilities


You were on level 2 of the Dungeon.
You were not hungry.

You visited 1 branch of the dungeon, and saw 2 of its levels.

You collected 54 gold pieces.

Inventory:

Hand Weapons
 a - a +0 falchion (weapon)
Missiles
 p - 43 stones (quivered)
Armour
 b - a +0 leather armour (worn)
Jewellery
 j - a +3 ring of dexterity {unknown}
 r - a cursed ring of loudness {unknown}
Scrolls
 i - 2 scrolls of recharging {unknown}
 k - a scroll of remove curse {unknown}
 m - a scroll of identify {unknown}
 n - a scroll of noise {unknown}
 s - a scroll of teleportation {unknown}
Potions
 e - 2 potions of curing {unknown}
 f - a potion of agility {unknown}
 g - 2 potions of ambrosia {unknown}
 h - a potion of might {unknown}
Books
 c - a book of Battle

   Spells                             Type                      Level
   a - Infusion                       Charms                       1
   b - Shroud of Golubria             Charms/Translocation         2
   c - Song of Slaying                Charms                       2
   d - Spectral Weapon                Hexes/Charms                 3
   e - Regeneration                   Charms/Necromancy            3
Comestibles
 d - 2 bread rations
 l - a beef jerky
 o - a slice of pizza
 q - 5 chunks of flesh


   Skills:
 + Level 2.5 Fighting
 * Level 3.2 Long Blades
 - Level 1.0 Armour
 + Level 1.9 Dodging
 - Level 3.1 Spellcasting
 + Level 0.0 Hexes
 - Level 4.1 Charms


You had 2 spell levels left.
You knew the following spells:

 Your Spells              Type           Power        Failure   Level  Hunger
a - Infusion              Chrm           ###.         6%          1    #......
b - Shroud of Golubria    Chrm/Tloc      #.........   17%         2    ##.....
c - Spectral Weapon       Hex/Chrm       #.......     34%         3    ###....


Dungeon Overview and Level Annotations

Branches:
Dungeon (2/15)

Altars:

Annotations:
D:2 Natasha


Message History

You hit Natasha.
Natasha is severely wounded.
Natasha mumbles some strange words.
Natasha shimmers violently.
Natasha barely misses you. The white imp hits you. The white imp freezes you.
Natasha casts a spell at you. The magic dart hits you!
You closely miss Natasha.
Natasha is severely wounded.
The white imp hits you.
* * * LOW HITPOINT WARNING * * *
The white imp freezes you.
* * * LOW HITPOINT WARNING * * *
Natasha mumbles some strange words.
Your magical contamination has completely faded away.
You closely miss Natasha.
Natasha is severely wounded.
The white imp gestures at you. The puff of frost hits you!
You die...

.....## ......#
......# #######
#.#+#.#########.....#
..............'.....+
#####.#########.....#
...# ######.....#
##... ......5....+
#.## ######.@†..# #.
#5h...# . #. .......#
.. #. .......### .#
.........# ..
.......... .#
.......... .
........... .#


You could see Natasha, a white imp and a shadow imp.

Vanquished Creatures
  2 adders (D:2)
  3 leopard geckos
  4 bats
  2 giant cockroaches
  5 hobgoblins
  10 jackals
  2 ball pythons
  3 frilled lizards
  3 goblins (D:2)
  3 kobolds
  3 rats
40 creatures vanquished.

Notes
Turn   | Place    | Note
-------+----------+-------------------------------------------
     0 | D:1      | Ladykiller69 the High Elf Skald began the quest for the Orb.
     0 | D:1      | Reached XP level 1. HP: 14/14 MP: 4/4
    44 | D:1      | Reached skill level 4 in Charms
    50 | D:1      | Reached XP level 2. HP: 6/19 MP: 0/6
   347 | D:1      | Learned a level 2 spell: Shroud of Golubria
   469 | D:1      | Reached skill level 1 in Armour
   971 | D:2      | Reached XP level 3. HP: 12/25 MP: 6/8
  1520 | D:2      | Learned a level 3 spell: Spectral Weapon
  1624 | D:2      | Noticed Natasha
  1633 | D:2      | Killed from afar by a white imp

Skill      XL: |  1  2  3 |
---------------+----------+-----
Charms         | 4 |  4.1
Armour         | 1 |  1.0
Long Blades    | 3 |  3.2
Spellcasting   | 3 |  3.1
Fighting       | |  2.5
Dodging        | |  1.9

Action                   || total
-------------------------++-------
Melee: Falchion          ||   146
 Cast: Infusion          ||     4
       Shroud of Golubri ||     9
 Stab: Sleeping          ||     1
  Eat: Chunk             ||     3
Armor: Leather armour    ||    55
Dodge: Dodged            ||   103
       Rpst.: Falchion   ||    33
